AoeStats
← [GG] Shevchenko 7

Arena

505986838Analyzed
1v1 RM · 21d ago on Sep 11, 2026· 28m 48s· 2 players
Game mode
Random Map
Map size
Tiny (2 player)
Population
200
Speed
Normal
Resources
Standard
Victory
Conquest
Starting age
Dark Age
Ending age
Imperial Age
RankedLock teamsTeams togetherTeam positionsShared explorationLock speedFull tech treeHidden civsTurbo modeCheats
Victory
Defeat
🇧🇷 Portuguese · Brazil
1135
+16
🇨🇴 Khmer · Colombia
1135
-16
Etixio
10:57 Feudal Age
14:51 Castle Age
13:04 Double-Bit Axe
13:41 Stone Mining
13:54 Horse Collar
22:13 Gold Mining
25:16 Bloodlines
29:57 Imperial Age
27:49 Heavy Plow
28:29 Wheelbarrow
29:09 Scale Barding Armor
29:14 Forging
[GG] Shevchenko 7
10:10 Feudal Age
9:33 Loom
14:08 Castle Age
12:23 Double-Bit Axe
22:47 Fletching
29:23 Imperial Age
27:44 Pikeman
Connection lost

Rejoining the realm…

Still unreachable

The connection could not be restored.

Session expired

The server has moved on; the page needs a fresh start.